 Dungeon Crawl Stone Soup version 0.25.0-9-g26727b657a (webtiles) character file.

Game seed: 2617135389518509014

750292 mopl the Formicid Cataclysm (level 27, 0/246 HPs)
             Began as a Formicid Fighter on June 18, 2020.
             Was a High Priest of Qazlal.
             Killed from afar by a storm dragon (4 damage)
             ... with a bolt of lightning
             ... on level 5 of the Realm of Zot.
             The game lasted 02:49:07 (68070 turns).

mopl the Formicid Cataclysm (Formicid Fighter)     Turns: 68070, Time: 02:49:07

Health: 0/246      AC: 49    Str: 25      XL:     27
Magic:  32/32      EV: 16    Int: 10 (11) God:    Qazlal [*****.]
Gold:   5611       SH: 22    Dex: 20 (21) Spells: 25/26 levels left

rFire    + + .     SeeInvis +   a - +9 executioner's axe (vamp)
rCold    + . .     Gourm    .   O - +0 kite shield {reflect}
rNeg     + . .     Faith    .   L - +10 gold dragon scales
rPois    +         Spirit   .   (helmet unavailable)
rElec    +         Reflect  +   x - +1 cloak {MR+}
rCorr    +         Harm     .   P - +2 pair of gloves {Str+3}
MR       ++++.                  T - +2 pair of boots of the Prince of Darkness {rElec rPois MR+}
Stlth    ..........             t - amulet of Vitality {Regen+ HP+15}
HPRegen  0.91/turn              l - ring of resist corrosion
MPRegen  0.23/turn              Q - ring of Yendor {*Slow rF+ rN+ Dex+6}

@: lethally poisoned (0 -> -17), marked, protected from physical damage, repel
missiles
A: permanent stasis, dig shafts and tunnels, four strong arms, antennae 3,
molten scales 1, deterioration 1, low mp 2, screaming 1, weak 2, wild magic 1
0: Orb of Zot
}: 4/15 runes: decaying, serpentine, slimy, silver
a: Dig, Shaft Self, Upheaval, Elemental Force, Disaster Area, Renounce Religion


You were on level 5 of the Realm of Zot.
You worshipped Qazlal.
Qazlal was extremely pleased with you.
You were not hungry.

You visited 11 branches of the dungeon, and saw 57 of its levels.
You visited the Abyss 1 time.
You visited 1 ziggurat, and saw 6 of its levels.
You also visited: Trove, Ice Cave and Desolation.

You collected 10792 gold pieces.
You spent 5181 gold pieces at shops.

Inventory:

Hand Weapons
 a - a +9 vampiric executioner's axe (weapon)
 b - a +9 executioner's axe of freezing
Missiles
 f - 16 silver javelins (quivered)
 m - 22 silver boomerangs
 q - 34 curare-tipped darts
 y - 68 boomerangs
 J - 20 atropa-tipped darts
 K - 3 javelins
 M - 10 boomerangs of dispersal
Armour
 x - a +1 cloak of magic resistance (worn)
 L - +10 gold dragon scales (worn)
 O - a +0 kite shield of reflection (worn)
 P - a +2 pair of gloves of strength (worn)
 T - the +2 pair of boots of the Prince of Darkness (worn) {rElec rPois MR+}
   (You acquired it on level 1 of the Elven Halls)

   It insulates you from electricity.
   It protects you from poison.
   It affects your resistance to hostile enchantments.
Jewellery
 l - a ring of resist corrosion (left hand)
 t - the amulet of Vitality (around neck) {Regen+ HP+15}
   (You found it on level 5 of the Vaults)

   [amulet of regeneration]

   It affects your health (+15).
   It increases your rate of regeneration.
 F - the ring of Phasing {EV+8}
   (You took it off a vault sentinel on level 5 of the Vaults)

   [ring of evasion]

   It affects your evasion (+8).
 Q - the ring of Yendor (right hand) {*Slow rF+ rN+ Dex+6}
   (You found it on level 1 of the Realm of Zot)

   [ring of dexterity]

   It affects your dexterity (+6).
   It protects you from fire.
   It protects you from negative energy.
   It may slow you when you take damage.
 Z - the ring of Ibiotona {+Inv rF+ Str+4 Dex+2}
   (You found it on level 6 of the Lair of Beasts)

   [ring of protection from fire]

   It affects your strength (+4).
   It affects your dexterity (+2).
   It protects you from fire.
   It lets you turn invisible.
Wands
 B - a wand of iceblast (66)
 D - a wand of polymorph (40)
 S - a wand of paralysis (19)
 U - a wand of clouds (11)
 X - a wand of acid (48)
Scrolls
 i - 7 scrolls of identify
 j - 3 scrolls of fog
 p - 9 scrolls of fear
 r - 32 scrolls of remove curse
 u - 3 scrolls of holy word
 z - 6 scrolls of vulnerability
 C - 14 scrolls of magic mapping
 N - 8 scrolls of silence
 W - 4 scrolls of summoning
 Y - a scroll of enchant weapon
Potions
 d - a potion of might
 e - 6 potions of mutation
 g - 45 potions of curing
 h - 4 potions of ambrosia
 s - 7 potions of heal wounds
 v - 6 potions of resistance
 w - 4 potions of invisibility
 E - 6 potions of magic
 G - 5 potions of cancellation
 I - 8 potions of flight
Miscellaneous
 n - 5 boxes of beasts
 o - a lightning rod (4/4)
 A - 8 phantom mirrors
 R - a tin of tremorstones (3/3)
 V - a phial of floods
Comestibles
 c - 88 rations


   Skills:
 + Level 21.9 Fighting
 - Level 26.0 Axes
 + Level 15.5 Throwing
 + Level 21.0 Armour
 + Level 17.2 Dodging
 - Level 15.0 Shields
 O Level 27 Invocations
 + Level 15.7 Evocations


You had 25 spell levels left.
You knew the following spells:

 Your Spells              Type           Power        Failure   Level  Hunger
a - Apportation           Tloc           #.....       99%         1    ##.....

Your spell library contained the following spells:

 Spells                   Type           Power        Failure   Level  Hunger
 Animate Skeleton         Necr           N/A          99%         1    ##.....
 Beastly Appendage        Tmut           #.....       99%         1    ##.....
 Corona                   Hex            #......      99%         1    ##.....
 Foxfire                  Conj/Fire      #...         99%         1    ##.....
 Freeze                   Ice            #...         99%         1    ##.....
 Infusion                 Chrm           #...         99%         1    ##.....
 Magic Dart               Conj           #...         99%         1    ##.....
 Pain                     Necr           #...         99%         1    ##.....
 Shock                    Conj/Air       #...         99%         1    ##.....
 Sting                    Tmut/Pois      #...         99%         1    ##.....
 Summon Small Mammal      Summ           #...         99%         1    ##.....
 Call Imp                 Summ           #.......     100%        2    ###....
 Corpse Rot               Necr/Air       N/A          100%        2    ###....
 Ensorcelled Hibernation  Hex/Ice        #.....       100%        2    ###....
 Passwall                 Tmut/Erth      #.......     100%        2    ###....
 Poisonous Vapours        Pois/Air       #.....       100%        2    ###....
 Shroud of Golubria       Chrm/Tloc      #.....       100%        2    ###....
 Slow                     Hex            #.......     100%        2    ###....
 Song of Slaying          Chrm           #.......     100%        2    ###....
 Sticks to Snakes         Tmut           #.......     100%        2    ###....
 Sublimation of Blood     Necr           #.........   100%        2    ###....
 Call Canine Familiar     Summ           #.......     100%        3    ####...
 Confusing Touch          Hex            #.......     100%        3    ####...
 Conjure Flame            Conj/Fire      #.......     100%        3    ####...
 Dazzling Flash           Conj/Hex       #.....       100%        3    ####...
 Frozen Ramparts          Ice            #.....       100%        3    ####...
 Ignite Poison            Fire/Tmut/Pois #.......     100%        3    ####...
 Inner Flame              Hex/Fire       #.......     100%        3    ####...
 Mephitic Cloud           Conj/Pois/Air  #.......     100%        3    ####...
 Ozocubu's Armour         Chrm/Ice       #.......     100%        3    ####...
 Portal Projectile        Hex/Tloc       #.....       100%        3    ####...
 Spider Form              Tmut/Pois      #.........   100%        3    ####...
 Static Discharge         Conj/Air       #.......     100%        3    ####...
 Stone Arrow              Conj/Erth      #.....       100%        3    ####...
 Summon Guardian Golem    Hex/Summ       #.......     100%        3    ####...
 Tukima's Dance           Hex            #.......     100%        3    ####...
 Vampiric Draining        Necr           #.........   100%        3    ####...
 Airstrike                Air            #.........   100%        4    #####..
 Animate Dead             Necr           N/A          100%        4    #####..
 Cause Fear               Hex            #.........   100%        4    #####..
 Dispel Undead            Necr           #.......     100%        4    #####..
 Hailstorm                Conj/Ice       #.......     100%        4    #####..
 Ice Form                 Ice/Tmut       #.......     100%        4    #####..
 Iskenderun's Mystic Bla  Conj/Tloc      #.......     100%        4    #####..
 Leda's Liquefaction      Hex/Erth       #.........   100%        4    #####..
 Olgreb's Toxic Radiance  Pois           #.......     100%        4    #####..
 Petrify                  Tmut/Erth      #.......     100%        4    #####..
 Sticky Flame             Conj/Fire      #.......     100%        4    #####..
 Summon Ice Beast         Ice/Summ       #.......     100%        4    #####..
 Summon Lightning Spire   Summ/Air       #.......     100%        4    #####..
 Agony                    Necr           #.......     100%        5    ######.
 Alistair's Intoxication  Tmut/Pois      #.......     100%        5    ######.
 Blade Hands              Tmut           #.........   100%        5    ######.
 Bolt of Magma            Conj/Fire/Erth #.........   100%        5    ######.
 Borgnjor's Vile Clutch   Necr/Erth      #.........   100%        5    ######.
 Excruciating Wounds      Chrm/Necr      #.........   100%        5    ######.
 Irradiate                Conj/Tmut      #.........   100%        5    ######.
 Iskenderun's Battlesphe  Conj/Chrm      #.......     100%        5    ######.
 Lee's Rapid Deconstruct  Erth           #.........   100%        5    ######.
 Lightning Bolt           Conj/Air       #.........   100%        5    ######.
 Silence                  Hex/Air        #.........   100%        5    ######.
 Summon Forest            Summ/Tloc      #.........   100%        5    ######.
 Yara's Violent Unravell  Hex/Tmut       #.........   100%        5    ######.
 Conjure Ball Lightning   Conj/Air       #.........   100%        6    #######
 Darkness                 Hex            #.........   100%        6    #######
 Dispersal                Tloc           #.........   100%        6    #######
 Eringya's Noxious Bog    Tmut/Pois      #.........   100%        6    #######
 Freezing Cloud           Conj/Ice/Air   #.........   100%        6    #######
 Hydra Form               Tmut           #.........   100%        6    #######
 Invisibility             Hex            #.......     100%        6    #######
 Iron Shot                Conj/Erth      #.........   100%        6    #######
 Shadow Creatures         Summ           N/A          100%        6    #######
 Starburst                Conj/Fire      #.........   100%        6    #######
 Statue Form              Tmut/Erth      #........    100%        6    #######
 Haunt                    Necr/Summ      #.........   100%        7    #######
 Orb of Destruction       Conj           #.........   100%        7    #######
 Ring of Flames           Chrm/Fire      #.........   100%        7    #######
 Spellforged Servitor     Conj/Summ      #.........   100%        7    #######
 Summon Hydra             Summ           #.........   100%        7    #######
 Borgnjor's Revivificati  Necr           #.........   100%        8    #######
 Death's Door             Chrm/Necr      #.........   100%        8    #######
 Discord                  Hex            #.........   100%        8    #######
 Disjunction              Tloc           #.........   100%        8    #######
 Ignition                 Fire           #.........   100%        8    #######
 Infestation              Necr           #.........   100%        8    #######
 Necromutation            Tmut/Necr      #.........   100%        8    #######
 Shatter                  Erth           #.........   100%        9    #######
 Tornado                  Air            #.........   100%        9    #######
 Blink                    Tloc           Unusable     N/A         2    N/A
 Swiftness                Chrm/Air       Unusable     N/A         2    N/A
 Passage of Golubria      Tloc           Unusable     N/A         4    N/A

Dungeon Overview and Level Annotations

Branches:
Dungeon (15/15)            Temple (0/1) D:5            Lair (6/6) D:10
  Swamp (4/4) Lair:4        Snake (4/4) Lair:4        Slime (5/5) Lair:5
    Orc (2/2) D:11            Elf (3/3) Orc:2        Vaults (5/5) D:14
  Crypt (3/3) Vaults:3       Tomb (0/3) Crypt:3      Depths (5/5) D:15
    Zot (5/5) Depths:5      IceCv (visited)         Desolation (visited)

Altars:
Ashenzari
Cheibriados
Elyvilon
Fedhas
Hepliaklqana
Kikubaaqudgha
Okawaru
Qazlal
Ru
Sif Muna
Vehumet
Wu Jian
Xom
Zin
Beogh
Jiyva

Shops:
D:4 !   D:9 ![}   D:11 *   D:13 *   Orc:2 (([*=   Elf:1 :   Snake:3 ?
Vaults:2 (   Vaults:3 ?   Depths:5 ?

Portals:
Hell: Depths:1 Depths:2 Depths:3 Depths:4 Depths:5
Abyss: Depths:4
Pandemonium: Depths:1 Depths:3

Annotations:
Vaults:4 CPA
Vaults:5 lig pot


Innate Abilities, Weirdness & Mutations

You cannot be hasted, slowed, berserked, paralysed or teleported.
You can dig through walls and to a lower floor.
Your four strong arms can wield two-handed weapons with a shield.
You have a pair of large antennae on your head. (SInv)
You are partially covered in molten scales. (AC +2)
Your body sometimes deteriorates upon taking damage.
Your magical capacity is very low. (-20% MP)
You occasionally shout uncontrollably at your foes.
You are very weak. (Str -4)
Your spells are a little harder to cast, but a little more powerful.


Message History

Fyawua misses you.
The Orb Guardian hits you but does no damage.
Fyawua hits you!!
* * * LOW HITPOINT WARNING * * *
You are poisoned.
Found a stone staircase leading up.
You feel very sick.
The storm dragon is engulfed in freezing vapours.
You feel much better.
You feel sick. Fyawua hits you!!
* * * LOW HITPOINT WARNING * * *
You feel protected from physical attacks.
You are more poisoned.
The Orb Guardian hits you.
* * * LOW HITPOINT WARNING * * *
Fyawua hits you!
* * * LOW HITPOINT WARNING * * *
You block the Orb Guardian's attack.
The storm dragon breathes lightning at you.
The bolt of lightning hits you. You resist.
You die...

*,,,,,,,,^,,,,,,,,,,<,,,,,,,,,,
*,,,**,,,,****,,,,,*******,,,,,
******,,,,* *,,,,,* *,⌠,,,
*,,,,* ***,,,* ****** **,,,,*
***** *,,,,,* *,,,,,* #########
*####
*,,...####.D.#...######...#
**,......○@&.DX..h.........
*,.......○X☼...X..........
*,.<..####.$.######.######
*,...,* ##### ##.## # **.,,,*
##.## # *,,,** ##.### *,,,*
##D## ***** ##X# ##.


You could see Fyawua, 2 storm dragons, 3 Orb Guardians and a hell hound.

Vanquished Creatures
  the Royal Jelly (Slime:5)
  8 orbs of fire
  7 ancient liches
  A juggernaut (Depths:4)
  A greater mummy (Crypt:3)
  Frederick (Vaults:4)
  3 Killer Klowns (Zot:5)
  Saint Roka (Vaults:5)
  Vashnia (Snake:4)
  3 caustic shrikes (Depths:4)
  2 curse toes
  2 pandemonium lords
  Nikola (Swamp:4)
  11 golden dragons
  Jory (Depths:4)
  3 electric golems
  6 liches
  18 tentacled monstrosities
  Jorgrun (D:14)
  A shard shrike skeleton (Crypt:2)
  3 deep elf blademasters
  4 titans
  16 acid blobs
  21 Orb Guardians (Zot:5)
  Asterion (Snake:4)
  13 quicksilver dragons
  12 death cobs
  3 deep elf master archers
  3 ancient champions
  Kirke (Snake:3)
  Frances (Elf:1)
  6 sphinxes
  A sphinx (shapeshifter) (Depths:4)
  Donald (Snake:2)
  11 tengu reavers
  12 shadow dragons
  16 storm dragons
  3 revenants
  A thorn hunter (Swamp:3)
  2 daevas (Depths:4)
  11 nagarajas
  8 azure jellies
  3 ghost moths
  Louise (Elf:2)
  16 vault wardens
  5 iron dragons
  12 fire giants
  A draconian knight (Zot:2)
  6 draconian monks
  Aizul (Vaults:2)
  7 deep elf sorcerers
  6 draconian scorchers
  2 balrugs
  10 frost giants
  3 imperial myrmidons (Desolation)
  5 draconian stormcallers
  4 orc warlords
  3 curse skulls
  5 draconian shifters
  9 draconian annihilators
  6 ghouls
  3 deep elf elementalists
  A large abomination (Elf:3)
  7 reapers
  7 war gargoyles
  14 ironheart preservers
  18 stone giants
  A caustic shrike skeleton (Depths:4)
  8 very ugly things
  2 entropy weavers
  9 vampire knights
  5 green draconians
  6 black draconians
  6 deep elf demonologists
  4 lorocyprocas (Depths:2)
  A minotaur (shapeshifter) (Depths:4)
  11 deep elf annihilators
  15 yellow draconians
  A halazid warlock (Desolation)
  Azrael (D:11)
  13 spark wasps
  10 red draconians
  7 white draconians
  13 purple draconians
  5 eidola (Crypt:3)
  6 crystal guardians
  16 ettins
  A green death (Zig:4)
  8 fire dragons
  2 jiangshi (Crypt:1)
  A mummy priest (Zig:5)
  12 deep elf death magi
  8 ogre magi
  10 great orbs of eyes
  4 blizzard demons
  11 death oozes (Slime:5)
  13 yaktaur captains
  5 ragged hierophants (Desolation)
  29 naga warriors
  2 quicksilver dragon zombies (Crypt:3)
  A deep elf high priest (Elf:3)
  A quicksilver dragon skeleton (Crypt:3)
  8 rakshasas
  8 spriggan air magi
  3 catoblepae
  Fannar (D:11)
  38 vault guards
  7 ice dragons
  8 peacekeepers (Desolation)
  2 hell beasts
  A hydra (shapeshifter) (Vaults:3)
  7 servants of whispers (Desolation)
  An anaconda (shapeshifter) (Depths:3)
  2 juggernaut simulacra (Depths:2)
  4 ghost crabs
  24 hydras
  2 shambling mangroves
  7 death knights
  11 centaur warriors
  25 two-headed ogres
  14 anacondas
  15 alligators
  3 vampire magi
  A queen ant (Lair:2)
  8 deep troll shamans
  A two-headed ogre (shapeshifter) (Depths:2)
  10 shock serpents
  A spriggan berserker (Depths:3)
  10 deep troll earth magi
  3 death yaks (Lair:6)
  36 dancing weapons
  A shock serpent (shapeshifter) (Depths:2)
  4 storm dragon zombies
  15 naga sharpshooters
  6 tengu warriors
  11 orc high priests
  2 sun demons (Depths:1)
  8 spriggans
  24 deep elf knights
  9 hell knights
  Sonja (Orc:2)
  5 soul eaters
  38 skeletal warriors
  3 sixfirhies
  2 titan skeletons (Crypt:3)
  3 shadow wraiths
  10 sea snakes (Snake:4)
  An iron troll (Depths:3)
  4 salamander mystics (Snake:3)
  2 small abominations (Elf:3)
  5 storm dragon skeletons
  A death drake (shapeshifter) (Depths:3)
  A fire crab (shapeshifter) (Depths:4)
  3 golden dragon zombies
  6 swamp dragons (Swamp:4)
  A deep troll (shapeshifter) (Vaults:3)
  3 flayed ghosts
  A shadow demon (Zot:5)
  A tengu zombie (Depths:3)
  5 unseen horrors
  A torturous demonspawn (Depths:1)
  7 wizards
  An orange crystal statue (Depths:3)
  3 spriggan druids
  2 golden dragon skeletons (Crypt:3)
  20 deep elf archers
  31 phantasmal warriors
  26 deep trolls
  8 naga ritualists
  2 wolf spider zombies (Crypt:3)
  An anaconda skeleton (Crypt:3)
  23 ironbrand convokers
  2 lindwurms (Lair:6)
  10 harpies
  7 orc sorcerers
  20 necromancers
  A tengu skeleton (Vaults:3)
  5 wolf spiders
  A shadow dragon skeleton (Crypt:1)
  5 frost giant zombies
  12 mana vipers
  15 orc knights
  5 stone giant zombies
  A manticore (shapeshifter) (Zig:3)
  4 cyclopes
  2 shining eyes (shapeshifter)
  4 shining eyes
  A faun (shapeshifter) (Depths:2)
  A moth of wrath (shapeshifter) (Vaults:3)
  69 deep elf magi
  Maurice (Orc:2)
  30 moths of wrath
  10 salamanders
  17 vault sentinels
  6 stone giant skeletons
  30 ugly things
  38 black mambas
  A cyclops (shapeshifter) (Vaults:4)
  2 manticores (Lair:6)
  A spriggan zombie (Depths:4)
  2 ice statues
  An eye of devastation (shapeshifter) (Vaults:4)
  A dire elephant zombie (Crypt:3)
  27 naga magi
  3 smoke demons (Depths:1)
  2 molten gargoyles (Desolation)
  An iron dragon skeleton (Crypt:3)
  2 orange demons
  2 centaur zombies
  A fire giant skeleton (Crypt:1)
  2 elephants (Lair:6)
  11 guardian serpents
  12 spiny frogs
  2 rust devils
  2 eyes of devastation
  2 yaktaur zombies
  5 torpor snails
  A green draconian zombie (Crypt:1)
  2 storm dragon simulacra
  3 hellions
  4 gargoyles
  4 efreet
  A human zombie (Vaults:3)
  A kobold demonologist (D:13)
  2 rime drakes
  4 anaconda simulacra (IceCv)
  A yaktaur (shapeshifter) (Vaults:4)
  A swamp worm zombie (Crypt:2)
  5 spectral swamp worms (Depths:1)
  4 golden dragon simulacra
  A komodo dragon (shapeshifter) (Vaults:4)
  16 freezing wraiths
  45 yaktaurs
  5 tengu conjurers
  A catoblepas zombie (Crypt:3)
  13 hellwings (Crypt:3)
  2 tormentors (Zig:6)
  3 komodo dragons
  A ghost moth simulacrum (Crypt:1)
  2 harpy zombies
  A catoblepas skeleton (Crypt:2)
  4 guardian mummies
  14 ice devils
  A tyrant leech (shapeshifter) (Depths:2)
  A meliai (shapeshifter) (Elf:1)
  2 red devils (Depths:3)
  8 trolls
  A jumping spider (shapeshifter) (Elf:1)
  13 hornets
  2 jumping spiders (Crypt:3)
  A guardian serpent zombie (Crypt:1)
  5 tyrant leeches
  Grinder (D:6)
  2 dream sheep (Lair:6)
  A moth of wrath zombie (Crypt:1)
  8 bog bodies
  3 blink frogs (Lair:6)
  A deep troll zombie (Depths:1)
  96 slime creatures
  50 saltlings
  7 hippogriffs
  2 ettin zombies
  2 fire dragon skeletons
  10 redbacks
  A flying skull (Zig:5)
  A vampire (D:13)
  2 spriggans (shapeshifter)
  A guardian serpent skeleton (Crypt:2)
  8 wraiths
  3 water elementals (Elf:1)
  3 air elementals
  An ettin skeleton (Vaults:3)
  23 fire elementals
  An ice dragon skeleton (Crypt:1)
  A spriggan skeleton (Zig:5)
  A dire elephant simulacrum (IceCv)
  38 yaks
  Sigmund (D:5)
  4 shadows
  A ynoxinul (Depths:3)
  3 hungry ghosts
  Eustachio (D:6)
  An elf zombie (Zig:6)
  A human (shapeshifter) (Vaults:2)
  A black mamba skeleton (Crypt:3)
  An ushabti (Crypt:3)
  A golden eye (Slime:5)
  2 hogs (Snake:3)
  Menkaure (D:4)
  2 basilisks
  21 wargs
  Edmund (D:5)
  25 vampire mosquitoes
  28 swamp worms
  64 nagas
  2 harpy simulacra (IceCv)
  21 soldier ants
  9 insubstantial wisps
  An iron troll simulacrum (IceCv)
  A gelid demonspawn zombie (Crypt:1)
  8 hydra simulacra
  11 water moccasins
  12 porcupines
  2 spiny frog zombies
  3 acid dragons
  7 hell hounds
  15 swamp drakes
  3 ice beasts
  A black bear (shapeshifter) (Elf:2)
  A floating eye (Snake:2)
  51 orc warriors
  2 black bears
  2 ettin simulacra (IceCv)
  A swamp drake (shapeshifter) (Vaults:5)
  A sky beast (D:15)
  4 phantoms
  3 eyes of draining
  An alligator simulacrum (IceCv)
  A hornet zombie (D:9)
  33 ogres
  2 snapping turtle zombies (Crypt:3)
  A wolf (shapeshifter) (Depths:4)
  4 boggarts (Vaults:1)
  7 centaurs
  4 necrophages
  14 wolves
  8 crocodiles
  2 big kobolds
  12 bullfrogs
  A human skeleton (Vaults:3)
  A wyvern zombie (D:7)
  2 earth elementals (Elf:1)
  9 wyvern skeletons
  9 killer bees
  7 scorpions
  A yak zombie (Crypt:1)
  A troll zombie (Crypt:2)
  16 wights
  14 crimson imps
  3 draconian simulacra (IceCv)
  A quasit (Depths:3)
  A gnoll shaman (D:7)
  3 hounds
  A jelly (D:6)
  A human simulacrum (Vaults:3)
  Crazy Yiuf (D:6)
  A bullfrog skeleton (D:13)
  A bullfrog zombie (D:10)
  41 orc priests
  37 orc wizards
  2 centaur skeletons
  3 iguanas
  26 worker ants
  A troll simulacrum (IceCv)
  A spriggan simulacrum (IceCv)
  A wolf simulacrum (IceCv)
  A centaur simulacrum (IceCv)
  A hound skeleton (D:11)
  4 mummies
  A worker ant zombie (Crypt:1)
  A howler monkey zombie (D:10)
  A howler monkey skeleton (D:6)
  3 gnolls (D:7)
  9 adders
  7 naga simulacra (IceCv)
  A shadow imp (D:14)
  17 white imps
  2 oozes
  9 ufetubi
  An adder zombie (D:5)
  2 adder skeletons
  2 worms
  A worm (shapeshifter) (Depths:2)
  4 dart slugs
  5 leopard geckos
  117 orcs
  A bat zombie (Crypt:1)
  4 giant cockroaches
  5 goblins
  10 hobgoblins
  8 jackals
  9 quokkas
  A ball python (D:3)
  4 bats
  8 frilled lizards
  A hobgoblin skeleton (Crypt:2)
  A hobgoblin zombie (Crypt:2)
  17 kobolds
  2 quokka skeletons
  8 rats
  10 briar patches (Swamp:3)
  A crawling corpse (Elf:3)
  3 fungi
  4 plants
  7 withered plants (Crypt:3)
2897 creatures vanquished.

Vanquished Creatures (collateral kills)
  the Lernaean hydra (Swamp:4)
  A swamp dragon (Swamp:4)
  A vampire mosquito (Swamp:4)
3 creatures vanquished.

Vanquished Creatures (others)
  Margery (Vaults:2)
  A death cob (Zot:1)
  2 fire giants
  A deep elf annihilator (Depths:2)
  A ragged hierophant (Desolation)
  A rakshasa (Depths:1)
  A peacekeeper (Desolation)
  A naga warrior (Snake:3)
  A hornet (Vaults:5)
  2 saltlings (Desolation)
  A tyrant leech (Swamp:3)
  An air elemental (Elf:1)
  3 humans (Snake:3)
  An acid dragon (shapeshifter) (Depths:3)
  2 orc warriors
  2 crimson imps (Depths:1)
  An orc priest (Orc:2)
  3 orcs
  3 briar patches (Swamp:3)
  A bush (Lair:4)
  3 fungi
  12 plants
  3 withered plants (Crypt:3)
48 creatures vanquished.

Grand Total: 2948 creatures vanquished

Notes
Turn   | Place    | Note
-------+----------+-------------------------------------------
     0 | D:1      | mopl the Formicid Fighter began the quest for the Orb.
     0 | D:1      | Reached XP level 1. HP: 18/18 MP: 1/1
   310 | D:1      | Reached XP level 2. HP: 24/24 MP: 2/2
  1174 | D:2      | Reached XP level 3. HP: 24/30 MP: 3/3
  1193 | D:2      | Found a glowing silver altar of Zin.
  1494 | D:2      | Found a shimmering blue altar of Sif Muna.
  1527 | D:2      | Reached XP level 4. HP: 37/37 MP: 4/4
  2633 | D:4      | Reached XP level 5. HP: 36/43 MP: 5/5
  2683 | D:4      | Reached XP level 6. HP: 49/49 MP: 6/6
  2753 | D:4      | Found Gellal's Distillery.
  2769 | D:4      | Reached skill level 5 in Axes
  2779 | D:4      | Bought a potion of curing for 36 gold pieces
  2779 | D:4      | Bought a potion of heal wounds for 60 gold pieces
  2781 | D:4      | Noticed a hippogriff
  2789 | D:4      | Killed a hippogriff
  2789 | D:4      | Reached skill level 5 in Fighting
  2789 | D:4      | Reached XP level 7. HP: 49/56 MP: 7/7
  3096 | D:4      | Noticed Menkaure
  3103 | D:4      | HP: 2/57 [Menkaure (15)]
  3108 | D:4      | Killed Menkaure
  3510 | D:5      | Entered Level 5 of the Dungeon
  3543 | D:5      | Found a blossoming altar of Fedhas.
  3577 | D:5      | Reached XP level 8. HP: 56/64 MP: 8/8
  3611 | D:5      | Found a stormy altar of Qazlal.
  3612 | D:5      | Noticed a fire elemental
  3612 | D:5      | Noticed a water elemental
  3612 | D:5      | Noticed an air elemental
  3617 | D:5      | Became a worshipper of Qazlal Stormbringer
  3638 | D:5      | Found a staircase to the Ecumenical Temple.
  3661 | D:5      | Reached skill level 1 in Invocations
  3878 | D:5      | Reached skill level 2 in Invocations
  4215 | D:5      | Noticed Edmund
  4243 | D:5      | Killed Edmund
  4243 | D:5      | Reached skill level 3 in Invocations
  4401 | D:5      | Noticed Sigmund
  4410 | D:5      | Killed Sigmund
  4410 | D:5      | Reached XP level 9. HP: 69/72 MP: 11/11
  4601 | D:6      | Reached * piety under Qazlal
  4656 | D:6      | Reached skill level 4 in Invocations
  4685 | D:6      | Noticed Grinder
  4714 | D:6      | Killed Grinder
  5032 | D:6      | Found a hazy altar of Hepliaklqana.
  5033 | D:6      | Found a shimmering altar of Xom.
  5043 | D:6      | Reached skill level 5 in Invocations
  5044 | D:6      | Noticed a spectral ugly thing
  5103 | D:6      | Noticed Eustachio
  5124 | D:6      | Killed Eustachio
  5187 | D:6      | Found a runed translucent door.
  5188 | D:6      | Noticed Crazy Yiuf
  5193 | D:6      | Killed Crazy Yiuf
  5373 | D:7      | Found an iron altar of Okawaru.
  5509 | D:7      | Reached ** piety under Qazlal
  5673 | D:7      | Reached skill level 10 in Axes
  5707 | D:7      | Reached XP level 10. HP: 62/80 MP: 14/14
  5833 | D:7      | Reached skill level 6 in Invocations
  6222 | D:7      | Found an ornate altar of the Wu Jian Council.
  6311 | D:8      | Reached skill level 1 in Evocations
  6439 | D:8      | Noticed a gargoyle
  6446 | D:8      | Killed a gargoyle
  7331 | D:9      | Found Ilu Gad's Distillery.
  7339 | D:9      | Bought a potion of lignification for 42 gold pieces
  7339 | D:9      | Bought a potion of cancellation for 112 gold pieces
  7339 | D:9      | Bought a potion of heal wounds for 70 gold pieces
  7352 | D:9      | Found Yjuakk's Gadget Emporium.
  7364 | D:9      | Found Loivysun's Armour Shop.
  7397 | D:9      | Found Poleeg's Distillery.
  7427 | D:9      | Bought a potion of degeneration for 11 gold pieces
  7427 | D:9      | Bought a potion of flight for 33 gold pieces
  7583 | D:9      | Noticed a two-headed ogre
  7595 | D:9      | Killed a two-headed ogre
  7595 | D:9      | Reached skill level 5 in Shields
  7595 | D:9      | Reached skill level 7 in Invocations
  7624 | D:9      | Reached *** piety under Qazlal
  7628 | D:9      | Reached XP level 11. HP: 86/89 MP: 16/16
  7733 | D:9      | Found a shattered altar of Ashenzari.
  7852 | D:9      | Found a sacrificial altar of Ru.
  7885 | D:10     | Entered Level 10 of the Dungeon
  7885 | D:10     | Found a staircase to the Lair.
  7970 | D:9      | Reached skill level 5 in Armour
  8275 | D:10     | Found a portal to a secret trove of treasure.
  8412 | D:10     | Noticed a two-headed ogre
  8424 | D:10     | Killed a two-headed ogre
  8451 | D:10     | Noticed a wizard
  8461 | D:10     | Killed a wizard
  9045 | D:10     | Noticed a two-headed ogre
  9058 | D:10     | Killed a two-headed ogre
  9058 | D:10     | Reached skill level 8 in Invocations
  9112 | D:10     | Noticed a tengu warrior
  9134 | D:10     | Killed a tengu warrior
  9762 | D:11     | Found a staircase to the Orcish Mines.
  9877 | D:11     | Reached **** piety under Qazlal
  9896 | D:11     | Reached XP level 12. HP: 45/97 MP: 18/18
 10210 | D:11     | Found Mierghegi's Hallowed Reliquary.
 10210 | D:11     | Noticed an angel
 10214 | D:11     | Found a white marble altar of Elyvilon.
 10253 | D:11     | Reached skill level 5 in Evocations
 10443 | D:11     | Reached skill level 10 in Fighting
 11084 | D:12     | Noticed Fannar
 11085 | D:12     | Noticed a two-headed ogre
 11099 | D:12     | Killed a two-headed ogre
 11412 | D:11     | Killed Fannar
 11560 | D:12     | Noticed Azrael
 11580 | D:11     | Killed Azrael
 11580 | D:11     | Reached skill level 9 in Invocations
 12366 | Orc:1    | Entered Level 1 of the Orcish Mines
 12812 | Orc:1    | Noticed an orc warlord
 13169 | D:11     | Killed an orc warlord
 13576 | Orc:1    | Reached XP level 13. HP: 104/104 MP: 20/20
 13948 | Orc:2    | Entered Level 2 of the Orcish Mines
 13948 | Orc:2    | Noticed Maurice
 13953 | Orc:2    | Noticed an orc warlord
 14543 | Orc:2    | Reached ***** piety under Qazlal
 14753 | Orc:2    | Found a roughly hewn altar of Beogh.
 15656 | Orc:2    | Reached skill level 10 in Invocations
 16233 | Orc:2    | Reached skill level 1 in Dodging
 16264 | Orc:2    | Killed Maurice
 16302 | Orc:2    | Noticed Sonja
 16303 | Orc:2    | Killed an orc warlord
 16566 | Orc:2    | Killed Sonja
 16671 | Orc:2    | Found a staircase to the Elven Halls.
 16692 | Orc:2    | Found Ypnal's Armour Emporium.
 16714 | Orc:2    | Found Sirich's Jewellery Shop.
 16765 | Orc:2    | Reached XP level 14. HP: 95/113 MP: 21/21
 16871 | Orc:2    | Found a roughly hewn altar of Beogh.
 16927 | Orc:2    | Found Iwae's Antique Weapon Shoppe.
 16927 | Orc:2    | Found Bode's Weapon Shop.
 16967 | Orc:2    | Found Machej's Assorted Antiques.
 16967 | Orc:2    | Found Ogeog's Antique Armour Shop.
 17184 | Lair:1   | Entered Level 1 of the Lair of Beasts
 17297 | D:4      | Bought a potion of ambrosia for 96 gold pieces
 17297 | D:4      | Bought a potion of stabbing for 48 gold pieces
 17297 | D:4      | Bought a potion of mutation for 96 gold pieces
 17297 | D:4      | Bought a potion of heal wounds for 60 gold pieces
 17297 | D:4      | Bought a potion of heal wounds for 60 gold pieces
 17297 | D:4      | Bought a potion of curing for 36 gold pieces
 17399 | D:9      | Bought a potion of berserk rage for 55 gold pieces
 17399 | D:9      | Bought a potion of heal wounds for 55 gold pieces
 17399 | D:9      | Bought a potion of heal wounds for 55 gold pieces
 17399 | D:9      | Bought a potion of might for 44 gold pieces
 17433 | D:9      | Bought a potion of invisibility for 112 gold pieces
 17433 | D:9      | Bought a potion of heal wounds for 70 gold pieces
 17433 | D:9      | Bought a potion of curing for 42 gold pieces
 17699 | Lair:1   | Got a bound diamond amulet
 17700 | Lair:1   | Identified the amulet "Iwidwirch" {Faith rElec rPois} (You
                  | found it on level 1 of the Lair of Beasts)
 17906 | Lair:1   | Learned a level 1 spell: Apportation
 18407 | Lair:2   | Reached ****** piety under Qazlal
 18830 | Lair:2   | Reached skill level 11 in Invocations
 21242 | Lair:4   | Found a staircase to the Swamp.
 21300 | Lair:4   | Reached XP level 15. HP: 120/120 MP: 23/23
 21359 | Lair:4   | Found a staircase to the Snake Pit.
 21789 | Lair:5   | Found a staircase to the Slime Pits.
 21789 | Lair:5   | Found a viscous altar of Jiyva.
 22537 | Lair:6   | Entered Level 6 of the Lair of Beasts
 22837 | Lair:6   | Got a fine jade ring
 22838 | Lair:6   | Identified the ring of Ibiotona {+Inv rF+ Str+4 Dex+2} (You
                  | found it on level 6 of the Lair of Beasts)
 22901 | Lair:6   | Reached skill level 10 in Armour
 22992 | Lair:6   | Reached skill level 15 in Axes
 23912 | D:13     | Reached skill level 5 in Dodging
 23969 | D:13     | Found Gemisael's General Store.
 23989 | D:13     | Reached skill level 12 in Invocations
 24571 | D:14     | Noticed Jorgrun
 24587 | D:14     | Killed Jorgrun
 24698 | D:14     | Found a gate to the Vaults.
 24715 | D:14     | Reached skill level 10 in Evocations
 24716 | D:14     | Reached XP level 16. HP: 57/129 MP: 25/25
 24857 | D:14     | Got a crude war axe
 24858 | D:14     | Identified the +8 war axe of Ru's Favour {flame, rC++ MP+9
                  | Str-2 Int+3} (You found it on level 14 of the Dungeon)
 25205 | D:15     | Entered Level 15 of the Dungeon
 25371 | D:15     | Found a staircase to the Depths.
 26096 | Swamp:1  | Entered Level 1 of the Swamp
 27306 | Swamp:2  | You fall into a shaft and drop 1 floor!
 27329 | Swamp:3  | Reached skill level 13 in Invocations
 27821 | Swamp:3  | Found a transporter.
 28118 | Swamp:3  | Reached XP level 17. HP: 95/137 MP: 26/26
 28283 | Swamp:3  | Noticed a thorn hunter
 28300 | Swamp:3  | Killed a thorn hunter
 28339 | Swamp:3  | Found a transporter.
 28782 | Swamp:4  | Entered Level 4 of the Swamp
 28814 | Swamp:4  | Noticed Nikola
 28849 | Swamp:4  | Killed Nikola
 29468 | Swamp:4  | Noticed the 27-headed Lernaean hydra
 29628 | Swamp:4  | Killed the 27-headed Lernaean hydra
 29761 | Swamp:4  | Got a decaying rune of Zot
 30493 | Snake:1  | Entered Level 1 of the Snake Pit
 30872 | Snake:1  | Reached skill level 14 in Invocations
 30883 | Snake:1  | Reached XP level 18. HP: 90/146 MP: 28/28
 31638 | Snake:2  | Reached skill level 1 in Throwing
 31773 | Snake:2  | Noticed Donald
 31802 | Snake:2  | Killed Donald
 32529 | Snake:3  | Found a frozen archway.
 32552 | Snake:3  | Noticed Kirke
 32558 | Snake:3  | Killed Kirke
 32571 | IceCv    | Entered an ice cave
 33458 | IceCv    | Reached XP level 19. HP: 146/153 MP: 29/29
 33468 | IceCv    | Reached skill level 10 in Shields
 33841 | Snake:3  | Found Pollyid's Magic Scroll Emporium.
 34105 | Snake:3  | Bought a scroll of magic mapping for 52 gold pieces
 34105 | Snake:3  | Bought a scroll of magic mapping for 52 gold pieces
 34105 | Snake:3  | Bought 3 scrolls of magic mapping for 157 gold pieces
 34105 | Snake:3  | Bought 2 scrolls of fear for 105 gold pieces
 35037 | Snake:3  | Reached skill level 15 in Fighting
 35344 | Snake:4  | Entered Level 4 of the Snake Pit
 35468 | Snake:4  | Noticed Asterion
 35486 | Snake:4  | Killed Asterion
 35808 | Snake:4  | Reached skill level 15 in Invocations
 36005 | Snake:4  | Reached skill level 5 in Throwing
 36046 | Snake:4  | Reached XP level 20. HP: 75/162 MP: 31/31
 36576 | Snake:4  | Reached skill level 10 in Dodging
 36795 | Snake:4  | Got a serpentine rune of Zot
 36960 | Snake:4  | Noticed Vashnia
 37017 | Snake:4  | Killed Vashnia
 37491 | D:10     | You paid a toll of a +8 demon blade to enter a treasure
                  | trove
 37492 | Trove    | Entered a treasure trove
 37495 | Trove    | Found the +9 heavy crossbow "Sniper" {vorpal, Acc+∞ SInv}
 37504 | Trove    | Got a fine mace
 37505 | Trove    | Identified the +8 mace "Oxtecver" {freeze, rC+ Str+4 Dex-2}
                  | (You found it in a treasure trove)
 37522 | Trove    | Got a pitted trident
 37523 | Trove    | Identified the +3 trident "Facvurgh" {drain, *Noise rF++
                  | MR+} (You found it in a treasure trove)
 37530 | Trove    | Got an iridescent arbalest
 37531 | Trove    | Identified the +6 arbalest "Rifuaff" {venom, rPois rF-
                  | Str+2 Dex+9} (You found it in a treasure trove)
 37708 | Elf:1    | Entered Level 1 of the Elven Halls
 37940 | Elf:1    | Found Tanelop's Book Shoppe.
 38327 | Elf:1    | Noticed Frances
 38356 | Elf:1    | Killed Frances
 38878 | Elf:1    | Found a radiant altar of Vehumet.
 38886 | Elf:1    | Found an ancient bone altar of Kikubaaqudgha.
 38886 | Elf:1    | Found a shimmering blue altar of Sif Muna.
 38886 | Elf:1    | Found a radiant altar of Vehumet.
 38914 | Elf:1    | Identified Bogolyhe's Catalogue of Flamy Good Luck
 38923 | Elf:1    | Identified 3 scrolls of acquirement
 38937 | Elf:1    | Got the +2 pair of boots of the Prince of Darkness {rElec
                  | rPois MR+}
 39197 | Elf:2    | Reached XP level 21. HP: 160/170 MP: 32/32
 39499 | Elf:2    | Found a runed translucent gate.
 39499 | Elf:2    | Found a runed translucent gate.
 39500 | Elf:2    | Found a runed translucent gate.
 39658 | Elf:2    | Noticed Louise
 39709 | Elf:2    | Killed Louise
 40175 | Elf:3    | Entered Level 3 of the Elven Halls
 40223 | Elf:3    | Reached skill level 16 in Invocations
 40288 | Elf:3    | Identified the +1 war axe "Adibe" {freeze, rC+ Stlth+}
 40377 | Elf:3    | Identified the +7 hand axe of the Harvest {freeze, +Fly
                  | rPois Str+4 Dex-2}
 40389 | Elf:3    | Identified the cursed ring "Suotefydgh" {AC-4 Str-2 Dex+7}
 40404 | Elf:3    | Cast into level 3 of the Abyss (a deep elf sorcerer)
 40413 | Elf:3    | Escaped the Abyss
 40753 | Elf:3    | Identified the cursed +1 halberd of Jyarow {pain, *Contam
                  | rPois rF+ Dex+3}
 40815 | Elf:3    | Identified the +5 robe "Ruan Yrarr" {+Blink rF- Dex+2}
 41000 | Elf:3    | Reached XP level 22. HP: 100/178 MP: 34/34
 41006 | Elf:3    | Identified the +1 leather armour of Focuoqug {rF+++}
 41173 | Elf:3    | Identified the Almanac of the Flying Arsonist
 42076 | Vaults:1 | Entered Level 1 of the Vaults
 42235 | Vaults:1 | Reached skill level 15 in Armour
 42657 | Vaults:1 | Identified the +7 arbalest "Leoc" {venom, +Blink MR+} (You
                  | found it on level 1 of the Vaults)
 43303 | Vaults:2 | Gained mutation: Your body sometimes deteriorates upon
                  | taking damage. [a shining eye]
 43316 | Vaults:2 | Noticed Margery
 43339 | Vaults:2 | Killed Margery
 43428 | Vaults:2 | Found Wuce's Weapon Emporium.
 43697 | Vaults:2 | Noticed Aizul
 43707 | Vaults:2 | Killed Aizul
 43929 | Vaults:2 | Reached XP level 23. HP: 150/186 MP: 35/35
 44200 | Vaults:2 | Identified the +9 arbalest of the Egg {venom, MR- Str+5
                  | Int+5}
 44282 | Vaults:2 | Reached skill level 17 in Invocations
 44622 | Vaults:3 | Found Kiokk's Magic Scroll Boutique.
 44631 | Vaults:3 | Found a ruined gateway.
 44634 | Vaults:3 | Bought a scroll of identify for 34 gold pieces
 44634 | Vaults:3 | Bought a scroll of identify for 34 gold pieces
 44634 | Vaults:3 | Bought a scroll of identify for 34 gold pieces
 44668 | Desolati | Entered the Desolation of Salt
 45182 | Desolati | Identified the cursed +0 scale mail of the Camelopard {rF++
                  | Regen+ rCorr Str-4} (You found it in the Desolation of
                  | Salt)
 45441 | Desolati | Identified the cursed +1 chain mail "Ukhomp" {rElec rCorr
                  | Int-3} (You found it in the Desolation of Salt)
 45451 | Desolati | Identified the cursed +1 scale mail "Furonir" {-Tele rCorr
                  | SInv} (You found it in the Desolation of Salt)
 45535 | Desolati | Identified the Incunabulum of Attacks
 45540 | Desolati | Got a twitching wooden ring
 45541 | Desolati | Identified the ring of Wapuf {+Fly rPois Str+5} (You found
                  | it in the Desolation of Salt)
 46008 | Vaults:3 | Found a staircase to the Crypt.
 46400 | Vaults:3 | Reached XP level 24. HP: 195/195 MP: 35/35
 46552 | Vaults:3 | Reached skill level 10 in Throwing
 48522 | Vaults:5 | Entered Level 5 of the Vaults
 48528 | Vaults:5 | Noticed Frederick
 48542 | Vaults:4 | Reached skill level 18 in Invocations
 48554 | Vaults:4 | Reached XP level 25. HP: 194/203 MP: 36/36
 48569 | Vaults:4 | Reached skill level 15 in Shields
 48877 | Vaults:5 | Noticed Saint Roka
 48895 | Vaults:4 | Killed Frederick
 48964 | Vaults:5 | Identified the +7 short sword "Hydraslayer" {venom, MP+9
                  | Int+4}
 49568 | Vaults:5 | Killed Saint Roka
 49605 | Vaults:5 | Identified the +2 pair of gloves of Core {Int+3} (You found
                  | it on level 5 of the Vaults)
 49889 | Vaults:5 | Reached XP level 26. HP: 211/211 MP: 36/36
 50153 | Vaults:5 | Got a silver rune of Zot
 50427 | Vaults:5 | Identified the Incunabulum of the Compass
 50442 | Vaults:5 | Identified the +5 broad axe of a bazaar {vorpal, Stlth+}
                  | (You found it on level 5 of the Vaults)
 50620 | Vaults:5 | Found the amulet of Vitality {Regen+ HP+15}
 50635 | Vaults:5 | Identified the Tome of Excruciating Protection
 51587 | Swamp:3  | Got a crude steel ring
 51588 | Swamp:3  | Identified the ring of Wuloth {MR+ Str+2 Int+7} (You found
                  | it on level 3 of the Swamp)
 51591 | Swamp:3  | Identified the +4 helmet "Moeskim" {MR++ SInv} (You found
                  | it on level 3 of the Swamp)
 52272 | Crypt:1  | Entered Level 1 of the Crypt
 52609 | Crypt:1  | Identified the +2 pair of boots of the Crypt {+Fly rElec}
                  | (You found it on level 1 of the Crypt)
 53539 | Crypt:2  | Identified the Catalogue of the Rocks and Ice
 53577 | Crypt:2  | Reached skill level 19 in Invocations
 53945 | Crypt:3  | Entered Level 3 of the Crypt
 54307 | Crypt:3  | Reached XP level 27. HP: 219/219 MP: 36/36
 54356 | Crypt:3  | Noticed a greater mummy
 54366 | Crypt:3  | Killed a greater mummy
 54377 | Crypt:3  | Found a staircase to the Tomb.
 54585 | Crypt:3  | Found an ancient bone altar of Kikubaaqudgha.
 54640 | Crypt:3  | Identified the +11 short sword "Gaoprot" {venom, rF+ Str+2}
 54752 | Crypt:3  | Noticed an ancient lich
 54758 | Crypt:3  | Killed an ancient lich
 54775 | Crypt:3  | Identified the Incunabulum of the Doomed Arsonist
 55753 | Slime:1  | Entered Level 1 of the Pits of Slime
 55870 | Slime:5  | Entered Level 5 of the Pits of Slime
 55957 | Slime:5  | Gained mutation: Scrolls take you a little longer to read.
                  | [a shining eye]
 56016 | Slime:5  | Gained mutation: Your magical capacity is low. (-10% MP) [a
                  | shining eye]
 56171 | Slime:5  | Noticed the Royal Jelly
 56189 | Slime:5  | Killed the Royal Jelly
 56353 | Slime:5  | Got a slimy rune of Zot
 56369 | Slime:5  | Got a scintillating bone ring
 56378 | Slime:5  | Identified the cursed ring of Myfutrej {Str-4 Dex+2} (You
                  | found it on level 5 of the Pits of Slime)
 56563 | Lair:1   | Lost mutation: Scrolls take you a little longer to read.
                  | [potion of mutation]
 56563 | Lair:1   | Lost mutation: Your body sometimes deteriorates upon taking
                  | damage. [potion of mutation]
 56563 | Lair:1   | Gained mutation: Your natural rate of healing is unusually
                  | fast. [potion of mutation]
 56563 | Lair:1   | Gained mutation: Your spells are a little harder to cast,
                  | but a little more powerful. [potion of mutation]
 56697 | Depths:1 | Entered Level 1 of the Depths
 56873 | Depths:1 | Found a one-way gate leading to the halls of Pandemonium.
 57046 | Depths:1 | Found a gateway to Hell.
 57321 | Depths:1 | Identified the +1 chain mail "Xyikeorgh" {+Fly Str+7 Int+8
                  | Slay-2} (You found it on level 1 of the Depths)
 57669 | Depths:2 | Reached skill level 20 in Invocations
 57710 | Depths:2 | Identified the +1 pair of boots of Disaster {*Drain Dex+4}
                  | (You found it on level 2 of the Depths)
 58000 | Depths:2 | Identified the Handbook of the Mountains and Damage Dealing
 58878 | Depths:3 | Found a runed translucent door.
 58884 | Depths:3 | Found a runed translucent door.
 59571 | Depths:4 | Noticed Jory
 59601 | Depths:4 | Killed Jory
 59601 | Depths:4 | Reached skill level 15 in Dodging
 59689 | Depths:4 | Found a one-way gate to the infinite horrors of the Abyss.
 59785 | Depths:4 | Reached skill level 21 in Invocations
 59949 | Depths:4 | Noticed a juggernaut
 59966 | Depths:4 | Killed a juggernaut
 60011 | Depths:4 | Found a snail-covered altar of Cheibriados.
 60254 | Depths:4 | Found a gateway to a ziggurat.
 60640 | Depths:5 | Entered Level 5 of the Depths
 60786 | Depths:5 | Found Niedet's Magic Scroll Shoppe.
 60794 | Depths:5 | Bought a scroll of enchant weapon for 165 gold pieces
 61081 | Depths:5 | Found a gate to the Realm of Zot.
 61922 | D:9      | Bought a potion of mutation for 88 gold pieces
 61922 | D:9      | Bought a potion of curing for 33 gold pieces
 61922 | D:9      | Bought 2 potions of resistance for 220 gold pieces
 61922 | D:9      | Bought a potion of curing for 33 gold pieces
 61922 | D:9      | Bought a potion of curing for 33 gold pieces
 61922 | D:9      | Bought a potion of cancellation for 88 gold pieces
 61965 | D:11     | Bought 4 silver javelins for 134 gold pieces
 61965 | D:11     | Bought 4 silver boomerangs for 84 gold pieces
 61965 | D:11     | Bought 6 silver javelins for 201 gold pieces
 61965 | D:11     | Bought a potion of curing for 42 gold pieces
 61965 | D:11     | Bought a scroll of holy word for 105 gold pieces
 61965 | D:11     | Bought a scroll of holy word for 105 gold pieces
 61965 | D:11     | Bought a potion of curing for 42 gold pieces
 62085 | D:4      | Bought 2 potions of flight for 72 gold pieces
 62195 | D:9      | Bought 2 potions of mutation for 224 gold pieces
 62195 | D:9      | Bought a potion of ambrosia for 112 gold pieces
 62392 | Vaults:3 | Bought a scroll of enchant armour for 127 gold pieces
 62392 | Vaults:3 | Bought a scroll of enchant armour for 127 gold pieces
 62578 | D:9      | Bought a wand of acid (12) for 480 gold pieces
 62578 | D:9      | Bought a box of beasts for 300 gold pieces
 62578 | D:9      | Bought a box of beasts for 300 gold pieces
 62578 | D:9      | Bought a wand of clouds (5) for 405 gold pieces
 62995 | Zot:1    | Entered Level 1 of the Realm of Zot
 63191 | Zot:1    | Reached skill level 15 in Evocations
 63230 | Zot:1    | Found a transporter.
 63232 | Zot:1    | Found a transporter.
 63232 | Zot:1    | Noticed an orb of fire
 63232 | Zot:1    | Noticed an orb of fire
 63232 | Zot:1    | Noticed an ancient lich
 63246 | Zot:1    | Found a transporter.
 63246 | Zot:1    | Found a transporter.
 63424 | Zot:1    | Reached skill level 22 in Invocations
 63604 | Zot:1    | Found a transporter.
 63694 | Zot:1    | Killed an ancient lich
 63697 | Zot:1    | Gained mutation: You occasionally shout uncontrollably at
                  | your foes. [an orb of fire]
 63702 | Zot:1    | Killed an orb of fire
 63704 | Zot:1    | Killed an orb of fire
 63704 | Zot:1    | Reached skill level 15 in Throwing
 63780 | Zot:1    | Got a twitching pewter ring
 63781 | Zot:1    | Identified the ring of Yendor {*Slow rF+ rN+ Dex+6} (You
                  | found it on level 1 of the Realm of Zot)
 63796 | Zot:1    | Identified the +1 pair of gloves of Moutoeh {rC+} (You
                  | found it on level 1 of the Realm of Zot)
 64439 | Zot:2    | Reached skill level 23 in Invocations
 65060 | Zot:3    | Noticed an orb of fire
 65081 | Zot:3    | Killed an orb of fire
 65445 | Zot:3    | Identified the Compendium of Ensnaring Heat
 65924 | Zot:4    | Noticed an orb of fire
 65935 | Zot:4    | Lost mutation: Your natural rate of healing is unusually
                  | fast. [an orb of fire]
 65939 | Zot:4    | Gained mutation: Your magical capacity is very low. (-20%
                  | MP) [an orb of fire]
 65945 | Zot:4    | Gained mutation: Scrolls take you a little longer to read.
                  | [an orb of fire]
 65947 | Zot:4    | Gained mutation: You are weak. (Str -2) [an orb of fire]
 65962 | Zot:4    | Killed an orb of fire
 65969 | Zot:4    | Reached skill level 24 in Invocations
 65970 | Zot:4    | Lost mutation: Your magical capacity is very low. (-20% MP)
                  | [potion of mutation]
 65970 | Zot:4    | Lost mutation: Your magical capacity is low. (-10% MP)
                  | [potion of mutation]
 65970 | Zot:4    | Lost mutation: Scrolls take you a little longer to read.
                  | [potion of mutation]
 65970 | Zot:4    | Gained mutation: Your magical capacity is low. (-10% MP)
                  | [potion of mutation]
 65970 | Zot:4    | Gained mutation: You are partially covered in molten
                  | scales. (AC +2) [potion of mutation]
 66914 | Zig:1    | Entered Level 1 of a ziggurat
 66989 | Zig:2    | Entered Level 2 of a ziggurat
 67011 | Zig:3    | Entered Level 3 of a ziggurat
 67034 | Zig:3    | Identified the +4 scale mail "Kimowim" {rPois} (You found
                  | it on level 3 of a ziggurat)
 67037 | Zig:4    | Entered Level 4 of a ziggurat
 67039 | Zig:4    | Noticed Attiker the pandemonium lord
 67063 | Zig:4    | Killed Attiker the pandemonium lord
 67225 | Zig:5    | Entered Level 5 of a ziggurat
 67403 | Zig:6    | Entered Level 6 of a ziggurat
 67708 | Zot:4    | You fall into a shaft and drop 1 floor!
 67708 | Zot:5    | Entered Level 5 of the Realm of Zot
 67708 | Zot:5    | Noticed a Killer Klown
 67708 | Zot:5    | Noticed an ancient lich
 67708 | Zot:5    | Noticed a Killer Klown
 67708 | Zot:5    | Noticed an orb of fire
 67708 | Zot:5    | Noticed an orb of fire
 67709 | Zot:5    | Noticed an orb of fire
 67709 | Zot:5    | Gained mutation: You are very weak. (Str -4) [an orb of
                  | fire]
 67713 | Zot:5    | Reached skill level 25 in Invocations
 67713 | Zot:5    | Killed an orb of fire
 67713 | Zot:5    | Killed an orb of fire
 67713 | Zot:5    | Killed an orb of fire
 67715 | Zot:5    | Noticed an ancient lich
 67723 | Zot:5    | Killed an ancient lich
 67723 | Zot:5    | Reached skill level 26 in Invocations
 67728 | Zot:5    | Killed a Killer Klown
 67731 | Zot:5    | Killed an ancient lich
 67738 | Zot:5    | Killed a Killer Klown
 67763 | Zot:5    | Noticed an ancient lich
 67773 | Zot:5    | Killed an ancient lich
 67773 | Zot:5    | Reached skill level 27 in Invocations
 67791 | Zot:5    | Noticed an ancient lich
 67806 | Zot:5    | Killed an ancient lich
 67865 | Zot:5    | Noticed a Killer Klown
 67876 | Zot:5    | Killed a Killer Klown
 67883 | Zot:5    | Got the Orb of Zot
 67889 | Zot:5    | Noticed Ynemoa the pandemonium lord
 67898 | Zot:5    | Noticed an orb of fire
 67901 | Zot:5    | Gained mutation: Your body sometimes deteriorates upon
                  | taking damage. [an orb of fire]
 67909 | Zot:5    | Noticed an ancient lich
 67912 | Zot:5    | Killed Ynemoa the pandemonium lord
 67916 | Zot:5    | Gained mutation: Your magical capacity is very low. (-20%
                  | MP) [an orb of fire]
 67917 | Zot:5    | Killed an ancient lich
 67918 | Zot:5    | Killed an orb of fire
 67975 | Zot:5    | Noticed Fyawua the pandemonium lord
 68070 | Zot:5    | HP: 12/246 [Orb Guardian (6)]
 68070 | Zot:5    | HP: 4/246 [Fyawua the pandemonium lord (8)]
 68070 | Zot:5    | Killed from afar by a storm dragon

Illustrated notes

Levels and vault maps discovered:
D:1:      kennysheep_arrival_seaside, layout_basic
D:2:      layout_basic, marbit_many_paths, led_sif_pool
D:3:      layout_basic, grunt_ministairs_9
D:4:      layout_loops_ring, serial_shops, shop, first_ration, uniq_menkaure
D:5:      layout_loops_cross, minmay_temple_entry_large_hall, basic_altar,
          nicolae_qazlal_style_of_elements, uniq_edmund, uniq_sigmund
D:6:      layout_loops_ring, regret_index_temple_of_mockery, uniq_eustachio,
          uniq_crazy_yiuf_cottage, uniq_grinder
D:7:      layout_loops_corners, kennysheep_mini_moat, okawaru_gym_becter
D:8:      layout_loops_ring
D:9:      layout_cave_pools, nicolae_ru_the_path_less_chosen,
          lemuel_doored_altar, serial_shops, nicolae_shop_statue_plus,
          nicolae_shop_statue_plus, shop, nicolae_shop_crystal
D:10:     layout_loops_ring, erik_lair_orcish_takeover, enter_trove_0,
          grunt_ogre_cave, lightli_wizard_tower
D:11:     layout_roguey, orc_0_dummy, nicolae_good_shop
D:12:     layout_roguey, uniq_azrael, uniq_fannar
D:13:     layout_irregular_city, serial_shops, nicolae_shop_waterfront
D:14:     layout_cave_pools, lightli_vaults_fourway_checkpoint,
          nicolae_two_hexagons, uniq_jorgrun
D:15:     hangedman_depths_entry_civil_slaughter, layout_basic, minivault_11
Lair:1:   layout_roguey, lemuel_fruit_tree, lemuel_fruit_fields
Lair:2:   cheibrodos_lair_overgrown_chateau, layout_long_grid, minivault_29
Lair:3:   layout_roguey, serial_bayou_pond_b
Lair:4:   layout_concentric_octagons, minmay_swamp_entry_worms,
          minmay_snake_entry_guardpost_medium, infiniplex_staircase_pool_2
Lair:5:   layout_cave_pods, slime_altar_1
Lair:6:   hangedman_lair_in_review, layout_gridlike, infiniplex_staircase_pool
Swamp:1:  layout_basic_swamp, hangedman_swamp_blocks
Swamp:2:  layout_falls_marsh, evilmike_swamp_ruin_house_3, swamp_pool5
Swamp:3:  gammafunk_worm_tunnel, layout_basic_swamp, evilmike_swamp_ruin_house_5
Swamp:4:  swamp_old_school, layout_basic_swamp, swamp_pool5, uniq_nikola
Snake:1:  layout_misc_corridors, serial_bayou_shore_b
Snake:2:  layout_basic, uniq_donald
Snake:3:  kennysheep_snake, layout_cave_town,
          portal_ice_cave_entry_ice_statue_one, serial_shops,
          nicolae_shop_stone, uniq_kirke
Snake:4:  grunt_snake_rune_pools, layout_grid_shapes, guppyfry_library_mini,
          uniq_vashnia, uniq_asterion
Slime:1:  layout_caves
Slime:2:  layout_caves
Slime:3:  cheibrodos_slime_lost_civilization_10, layout_caves
Slime:4:  layout_caves
Slime:5
Orc:1:    layout_caves
Orc:2:    st_orc_town, layout_caves, basic_altar, nicolae_orc_damp_corner,
          guppyfry_orc_lava_fort, uniq_sonja, uniq_maurice
Elf:1:    minmay_the_grid_octo_tiled_squarecenter [minmay_the_grid_octo_empty,
          minmay_the_grid_octo_chip, minmay_the_grid_octo_shrine,
          minmay_the_grid_octo_empty,
          minmay_the_grid_square_5x5_megaprize_diamond,
          minmay_the_grid_square_5x5_three_walls,
          minmay_the_grid_square_5x5_spiral_small,
          minmay_the_grid_square_5x5_checkered_sparse,
          minmay_the_grid_square_5x5_v], layout_loops_corners, serial_shops,
          shop, minivault_28, uniq_frances
Elf:2:    layout_loops_ring, uniq_louise
Elf:3:    grunt_elf_hall_spiral, layout_geoelf_grid
Vaults:1: hangedman_vaults_cutoff, nicolae_vaults_little_squares_6,
          nicolae_vaults_mini_display_case, nicolae_vaults_bisected_inception,
          vaults_room_grunt_arrival_ludios,
          nicolae_vaults_windows_and_doors_thing, ontoclasm_vaults_misaligned,
          ontoclasm_vaults_chip, hangedman_vaults_snaps,
          nicolae_vaults_little_squares_4, layout_vaults_big_room
Vaults:2: hangedman_vaults_corner, vaults_dpeg_ring,
          nicolae_vaults_yaktaur_gun_rack, hangedman_vaults_nails, v_misc_33,
          nicolae_vaults_sealed_display, vaults_mumra_bighexcomb,
          vaults_mumra_hexcomb, ontoclasm_vaults_decontamination,
          layout_vaults_omnigrid, serial_shops, shop_statue, uniq_margery,
          uniq_aizul
Vaults:3: vaults_room_stairs_pillars, v_misc_9, ontoclasm_vaults_claustrophobia,
          v_misc_29, blue_anna_dwarven_crypt, hangedman_vaults_nodes,
          nicolae_vaults_fighting_squares, nicolae_vaults_alarming,
          grunt_vaults_hallway_short, vaults_dpeg_doors, v_misc_10,
          hangedman_vaults_restitches, nicolae_vaults_diagonal_hallway_8,
          layout_vaults_ring, portal_desolation_entry_salt, serial_shops, shop
Vaults:4: vaults_mumra_chevron, st_greater_box_2, v_misc_23,
          hangedman_vaults_maws, ontoclasm_vaults_loading_screen,
          nicolae_vaults_three_branches, nicolae_vaults_back_hallway,
          grunt_vaults_twisty, ontoclasm_vaults_chip, v_alt_pattern_1,
          vaults_room_corners, hangedman_vaults_trim, layout_vaults_omnicross
Vaults:5: uniq_frederick, uniq_saint_roka
Crypt:1:  layout_chaotic_city, st_stairs_11, grunt_ministairs_5,
          lemuel_freeze_loot_1
Crypt:2:  layout_misc_corridors, roderic_lattice_octagonal_star
Crypt:3:  evilmike_haunted_forest
Depths:1: layout_cross, rand_demon_pan_entry_3, minmay_misc_feat_rugged,
          pf_hell_entry_tar_river, minmay_fire_ice_demons, grunt_megastairs_5
Depths:2: hangedman_crystal_crosses_colossus [crystal_crosses_arms_four,
          crystal_crosses_arms_four, crystal_crosses_arms_one,
          crystal_crosses_arms_one], hell_entry, serial_shops
Depths:3: thingy_vault_2, layout_long_grid, grunt_mini_vestibule,
          grunt_pan_entry_spiral, hangedman_decor_clover_reticule,
          infiniplex_staircase_door_maze, firewood_loft
Depths:4: pf_snail_temple, layout_cave_shapes, enter_ziggurat_c, hell_entry,
          abyss_entry, grunt_decor_clamped, kennysheep_generic_room_11,
          uniq_jory
Depths:5: grunt_bruiser_brothers, layout_basic, serial_shops, shop,
          abandoned_shop, hell_entry
Zot:1:    gammafunk_the_bubble [the_bubble_gammafunk_roulette], layout_gridlike
Zot:2:    layout_concentric_octagons, grunt_megastairs_3
Zot:3:    lemuel_firehouse, layout_onion
Zot:4:    layout_basic, nicolae_lava_and_water
Zot:5:    layout_misc_corridors

Skill      XL: |  1  2  3  4  5  6  7  8  9 10 11 12 13 14 15 16 17 18 19 20 21 22 23 24 25 26 27 |
---------------+----------------------------------------------------------------------------------+-----
Axes           | 3 4 5 7 8 10 11 12 13 14 15 16 17 18 19 20 21 22 23 26 | 26.0
Fighting       | 4 5 6 7 8 9 10 11 12 13 14 15 16 17 18 21 | 21.9
Invocations    | 3 5 7 8 9 10 11 12 13 14 15 16 17 18 19 27 | 27.0
Evocations     | 3 4 6 7 9 10 11 12 15 | 15.7
Shields        | 5 6 8 9 10 11 12 13 14 15 | 15.0
Armour         | 4 6 7 8 9 10 11 12 13 14 15 16 17 21 | 21.0
Dodging        | 1 4 5 7 8 9 10 11 12 13 17 | 17.2
Throwing       | 3 5 6 7 9 10 11 12 15 | 15.5

Action                   |  1- 3 |  4- 6 |  7- 9 | 10-12 | 13-15 | 16-18 | 19-21 | 22-24 | 25-27 || total
-------------------------+-------+-------+-------+-------+-------+-------+-------+-------+-------++-------
Melee: War axe           |   120 |   119 |   369 |     8 |       |   663 |    13 |       |       ||  1292
       Battleaxe         |       |       |       |   692 |   788 |   508 |  1623 |  1459 |   363 ||  5433
       Scimitar          |       |       |       |       |    55 |       |       |       |       ||    55
       Executioner's axe |       |       |       |       |       |       |       |       |  3144 ||  3144
Throw: Dart              |       |       |     7 |       |       |       |       |       |       ||     7
       Boomerang         |       |       |       |       |       |       |       |     1 |    12 ||    13
       Javelin           |       |       |       |       |       |       |       |       |     8 ||     8
       Throwing net      |       |       |       |       |       |       |       |       |     3 ||     3
Invok: Upheaval          |       |       |       |       |     2 |     2 |     5 |     2 |    11 ||    22
       Disaster Area     |       |       |       |       |       |     2 |     1 |       |     6 ||     9
 Abil: Dig               |       |       |       |     5 |     6 |     6 |    14 |     1 |     7 ||    39
       Evoke Invisibilit |       |       |       |       |       |       |       |     1 |       ||     1
       Shaft Self        |       |       |       |       |       |       |       |       |     1 ||     1
Evoke: Wand              |       |       |       |     7 |     5 |     3 |       |       |     2 ||    17
       Phantom mirror    |       |       |       |       |       |     1 |       |       |       ||     1
  Use: Scroll            |       |     1 |    11 |       |    12 |     5 |    13 |     6 |    49 ||    97
       Potion            |       |     1 |     1 |     4 |     2 |     1 |     2 |     1 |    20 ||    32
 Stab: Petrifying        |       |       |       |       |     3 |       |       |       |       ||     3
       Petrified         |       |       |       |       |     2 |       |       |       |       ||     2
       Invisible         |       |       |       |       |       |       |       |    44 |       ||    44
       Distracted        |       |       |       |       |       |       |       |       |     3 ||     3
       Held in net/web   |       |       |       |       |       |       |       |       |     1 ||     1
  Eat: Chunk             |     2 |     4 |    10 |    24 |    31 |    20 |    18 |    20 |    38 ||   167
       Ration            |       |       |       |     3 |     2 |     3 |     3 |     2 |     9 ||    22
Armor: Scale mail        |     7 |       |       |     5 |       |       |       |       |       ||    12
       Plate armour      |    64 |    86 |   176 |   290 |   188 |   343 |   309 |    16 |   144 ||  1616
       Chain mail        |       |       |       |       |   175 |       |       |       |       ||   175
       Crystal plate arm |       |       |       |       |       |       |       |   419 |    68 ||   487
       Gold dragon scale |       |       |       |       |       |       |       |       |   848 ||   848
Dodge: Dodged            |    19 |    17 |    44 |   109 |   167 |   278 |   271 |   339 |  1333 ||  2577
       Repelled          |       |       |       |     1 |     9 |    23 |    36 |    27 |    71 ||   167
Block: Kite shield       |    71 |    59 |   179 |   566 |   924 |  1034 |  1063 |  1199 |  2949 ||  8044
       Reflection        |       |       |       |       |       |    32 |    93 |    98 |    82 ||   305
       Rpst.: Scimitar   |       |       |       |       |     1 |       |       |       |       ||     1
